 Dungeon Crawl Stone Soup version 0.20.1-1-g8b1a95d (webtiles) character file.

1216 Irenicus the Cleaver (level 8, -2/69 HPs)
             Began as a Deep Dwarf Monk on Oct 28, 2017.
             Was a Believer of Makhleb.
             Slain by a crocodile (6 damage)
             ... on level 6 of the Dungeon.
             The game lasted 00:13:00 (4143 turns).

Irenicus the Cleaver (Deep Dwarf Monk)              Turns: 4143, Time: 00:13:01

Health: -2/69      AC: 13    Str: 16    XL:     8   Next: 22%
Magic:  5/5        EV: 11    Int: 10    God:    Makhleb [**....]
Gold:   327        SH:  8    Dex: 17    Spells: 7/7 levels left

rFire    . . .     SeeInvis .   a - +1 hand axe
rCold    . . .     Gourm    +   k - +2 buckler
rNeg     . . .     Faith    .   B - +3 scale mail
rPois    .         Spirit   .   z - +1 helmet
rElec    .         Reflect  .   v - +0 cloak
rCorr    .         Harm     .   (no gloves)
MR       +....                  (no boots)
Stlth    +.........             m - amulet of the gourmand
Regen    0.0/turn               (no ring)
MPRegen  0.1/turn               (no ring)

@: non-regenerating
A: damage resistance, heal wounds, sense surroundings 1, no regeneration
a: Heal Wounds, Minor Destruction, Renounce Religion


You were on level 6 of the Dungeon.
You worshipped Makhleb.
Makhleb was pleased with you.
You were very full.

You visited 2 branches of the dungeon, and saw 7 of its levels.

You collected 327 gold pieces.

Inventory:

Hand Weapons
 a - a +1 hand axe (weapon)
Armour
 k - a +2 buckler (worn)
 v - a +0 cloak (worn)
 z - a +1 helmet (worn)
 B - a +3 scale mail (worn)
Jewellery
 e - an uncursed ring of fire
 m - an amulet of the gourmand (around neck)
Wands
 q - a wand of enslavement (0/24)
Scrolls
 b - a scroll of magic mapping {unknown}
 d - 2 scrolls of fog {unknown}
 f - a scroll of fear {unknown}
 h - a scroll of immolation {unknown}
 j - 2 scrolls of remove curse
 p - 6 scrolls of identify
 r - a scroll of amnesia {unknown}
 s - 5 scrolls of teleportation
 y - 3 scrolls of enchant weapon
 C - a scroll of noise {unknown}
Potions
 i - a potion of ambrosia
 t - a potion of cancellation
 w - a potion of mutation {unknown}
 x - a potion of lignification
 A - a potion of haste
Comestibles
 c - 3 bread rations
 g - 4 royal jellies
 o - 5 fruits


   Skills:
 - Level 3.1 Fighting
 - Level 8.2 Axes
 - Level 5.0 Armour
 + Level 3.4 Dodging
 - Level 2.4 Stealth
 - Level 5.0 Shields
 - Level 0.3 Evocations


You had 7 spell levels left.
You didn't know any spells.

Dungeon Overview and Level Annotations

Branches:
Dungeon (6/15)             Temple (1/1) D:4

Altars:
Ashenzari
Cheibriados
Elyvilon
Gozag
Hepliaklqana
Kikubaaqudgha
Makhleb
Nemelex Xobeh
Okawaru
Qazlal
Uskayaw
Vehumet
Yredelemnul
Zin
The Shining One


Innate Abilities, Weirdness & Mutations

You are resistant to damage.
You can heal yourself by infusing magical energy.
You passively map a small area around you.
You do not regenerate.


Message History

You hit the crocodile.
The crocodile is almost dead.
The crocodile misses you.
You barely miss the crocodile.
The crocodile is almost dead.
The crocodile bites you!
* * * LOW HITPOINT WARNING * * *
You barely miss the crocodile.
The crocodile is almost dead.
You closely miss the crocodile.
The crocodile is almost dead.
You block the crocodile's attack.
You hit the crocodile but do no damage.
The crocodile is almost dead.
The crocodile bites you!
* * * LOW HITPOINT WARNING * * *
You hit the crocodile.
The crocodile is almost dead.
The crocodile bites you!
You die...

#.###...# #.#.....####
* #..... #...'...#
#.#.#############.....
#####...#
#.#.#......)....'.....
#...#
#.#.###.#########.....
#...# #.#.....# , ,,
#.....
#...####.#######
#..... #..........#[.
*, , #..... *
########.#.#.#, ##*
#†#### , , ....#+#.#@#
,,.. , #<#, ,* ,
........#t###.#, , #.#
, ,,...>....#.....#..
#.# , ...............#
,#.#,,
.........†.......,,
#.#* .................
#.. ...............##*
### ...........(...+
,, , * ,
...............# *


You could see a crocodile.

Vanquished Creatures
  Grinder (D:4)
  Menkaure (D:4)
  An orc warrior (D:6)
  2 phantoms
  A centaur (D:5)
  A bullfrog (D:6)
  2 scorpions
  A howler monkey (D:4)
  A crimson imp (D:3)
  A gnoll shaman (D:5)
  A bullfrog skeleton (D:6)
  A centaur skeleton (D:5)
  An orc wizard (D:3)
  A worker ant (D:4)
  2 hound skeletons
  4 adders
  4 gnolls (D:5)
  An adder skeleton (D:5)
  A worm (D:3)
  2 dart slugs
  2 leopard geckos (D:5)
  11 orcs
  6 giant cockroaches
  6 hobgoblins
  3 jackals (D:6)
  A quokka (D:6)
  9 bats
  5 frilled lizards
  5 goblins
  5 kobolds
  A quokka skeleton (D:5)
  5 rats
89 creatures vanquished.

Notes
Turn   | Place    | Note
-------+----------+-------------------------------------------
     0 | D:1      | Irenicus the Deep Dwarf Monk began the quest for the Orb.
     0 | D:1      | Reached XP level 1. HP: 20/20 MP: 1/1
   182 | D:1      | Reached skill level 4 in Axes
   182 | D:1      | Reached XP level 2. HP: 22/27 MP: 2/2
  1137 | D:2      | Reached XP level 3. HP: 25/33 MP: 3/3
  1238 | D:2      | Reached skill level 1 in Shields
  1592 | D:3      | Reached skill level 5 in Axes
  1601 | D:3      | Reached XP level 4. HP: 15/40 MP: 4/4
  1708 | D:3      | Reached skill level 6 in Axes
  1815 | D:3      | Reached XP level 5. HP: 29/46 MP: 5/5
  2116 | D:4      | Found a staircase to the Ecumenical Temple.
  2123 | Temple   | Entered the Ecumenical Temple
  2156 | Temple   | Became a worshipper of Makhleb the Destroyer
  2156 | Temple   | Reached * piety under Makhleb
  2156 | Temple   | Reached ** piety under Makhleb
  2247 | D:4      | Noticed Menkaure
  2247 | D:4      | Noticed a phantom
  2284 | D:4      | Killed Menkaure
  2284 | D:4      | Reached XP level 6. HP: 21/55 MP: 4/4
  2369 | D:4      | Reached skill level 5 in Shields
  2603 | D:4      | Noticed Grinder
  2606 | D:4      | Paralysed by Grinder for 5 turns
  2651 | D:4      | Killed Grinder
  2651 | D:4      | Reached skill level 7 in Axes
  2651 | D:4      | Reached XP level 7. HP: 40/61 MP: 4/4
  3127 | D:5      | Entered Level 5 of the Dungeon
  3197 | D:5      | Reached skill level 8 in Axes
  3490 | D:5      | Reached skill level 1 in Armour
  3810 | D:5      | Found a shattered altar of Ashenzari.
  3814 | D:5      | Saw a vision of the Swamp and the Snake Pit.
  3814 | D:5      | Noticed an alligator
  3814 | D:5      | Noticed an alligator
  3814 | D:5      | Noticed an anaconda
  3814 | D:5      | Noticed a mana viper
  3814 | D:5      | Noticed a black mamba
  3814 | D:5      | Noticed a black mamba
  3814 | D:5      | Noticed a naga warrior
  3814 | D:5      | Noticed a mana viper
  3814 | D:5      | Noticed a black mamba
  3814 | D:5      | Noticed a naga mage
  3814 | D:5      | Noticed a naga warrior
  3947 | D:6      | Reached XP level 8. HP: 23/69 MP: 5/5
  4020 | D:6      | Reached skill level 5 in Armour
  4143 | D:6      | Slain by a crocodile

Skill      XL: |  1  2  3  4  5  6  7  8 |
---------------+-------------------------+-----
Axes           | 4 5 6 7 8 |  8.2
Shields        | 1 4 5 |  5.0
Fighting       | 3 |  3.1
Armour         | 3 5 |  5.0
Dodging        | |  3.4
Stealth        | |  2.4
Evocations     | |  0.3

Action                   |  1- 3 |  4- 6 |  7- 9 || total
-------------------------+-------+-------+-------++-------
Melee: Hand axe          |   113 |   191 |   205 ||   509
 Abil: Heal Wounds       |       |     5 |       ||     5
Evoke: Wand              |       |     1 |       ||     1
  Use: Scroll            |     1 |       |     3 ||     4
       Potion            |       |     6 |     6 ||    12
 Stab: Sleeping          |     4 |       |       ||     4
       Invisible         |       |       |     2 ||     2
  Eat: Chunk             |     2 |     4 |    11 ||    17
Armor: Robe              |     2 |       |       ||     2
       Leather armour    |     1 |       |       ||     1
       Ring mail         |    24 |    44 |       ||    68
       Scale mail        |       |       |    54 ||    54
       Skin              |       |       |     7 ||     7
Dodge: Dodged            |    55 |    79 |    63 ||   197
Block: Buckler           |    27 |    52 |    63 ||   142
